 Dungeon Crawl Stone Soup version 0.32-a0-981-g384da2ce10 (webtiles) character file.

Game seed: 6717535514547521851

4899 DrKenneth the Fighter (level 10, -7/93 HPs)
             Began as a Minotaur Fighter on Apr 21, 2024.
             Was a Follower of Makhleb.
             Mangled by a yak (9 damage)
             ... on level 9 of the Dungeon.
             The game lasted 00:17:31 (6582 turns).

DrKenneth the Fighter (Minotaur Fighter)            Turns: 6582, Time: 00:17:32

Health: -7/93      AC: 15    Str: 25    XL:     10   Next: 27%
Magic:  9/9        EV:  6    Int:  5    God:    Makhleb [*.....]
Gold:   127        SH:  0    Dex: 16    Spells: 9/9 levels left

rFire   + . .        G - +3 battleaxe
rCold   + . .        (shield currently unavailable)
rNeg    . . .        F - +0 plate armour of Ralugrant {rElec rF+}
rPois   +            (helmet restricted)
rElec   +            (no cloak)
rCorr   .            j - +0 pair of gloves "Cautwacw" {Fly rPois rC+}
SInv    .            (no boots)
Will    .....        l - amulet of regeneration Stlth
                     r - ring of flight
HPRegen 1.15/turn    q - +6 ring of dexterity
MPRegen 0.11/turn

%: no passive effects
@: flying
A: horns 2, retaliatory headbutt
a: Renounce Religion


You were on level 9 of the Dungeon.
You worshipped Makhleb.
Makhleb was aware of your devotion.
You visited 1 branch of the dungeon, and saw 9 of its levels.

You collected 1051 gold pieces.
You spent 924 gold pieces at shops.

Inventory:

Hand Weapons
 a - a +0 war axe
 G - a +3 battleaxe (weapon)
Armour
 b - a +1 scale mail
 c - a +0 buckler
 j - the +0 pair of gloves "Cautwacw" (worn) {Fly rPois rC+}
   (You bought it in a shop on level 6 of the Dungeon)

   rC+:       It protects you from cold.
   rPois:     It protects you from poison.
   Fly:       It grants you flight.
 p - the +2 ring mail "Naes" {Dex+3 SInv}
   (You found it on level 5 of the Dungeon)

   Dex+3:     It affects your dexterity (+3).
   SInv:      It lets you see invisible.
 F - the +0 plate armour of Ralugrant (worn) {rElec rF+}
   (You bought it in a shop on level 6 of the Dungeon)

   rF+:       It protects you from fire.
   rElec:     It insulates you from electricity.
Jewellery
 l - an amulet of regeneration (around neck)
 q - a +6 ring of dexterity (right hand)
 r - a ring of flight (left hand)
 w - a +6 ring of intelligence
 C - an amulet of guardian spirit
 D - a +6 ring of intelligence
 E - a ring of protection from fire
 L - a ring of wizardry
Wands
 t - a wand of flame (13)
 u - a wand of paralysis (8)
Scrolls
 e - 2 scrolls of fear
 n - 3 scrolls of blinking
 o - 6 scrolls of identify
 y - a scroll of revelation
 I - a scroll of fog
 J - a scroll of amnesia
 K - a scroll of summoning {unknown}
Potions
 d - 2 potions of might
 f - 2 potions of attraction
 g - a potion of degeneration
 h - 2 potions of ambrosia
 i - a potion of haste
 k - 4 potions of heal wounds
 m - 2 potions of berserk rage
 s - a potion of brilliance
 v - a potion of magic {unknown}
 x - a potion of mutation {unknown}
 z - a potion of enlightenment {unknown}
 A - a potion of lignification {unknown}
 B - 4 potions of curing
 H - a potion of resistance {unknown}


   Skills:
 + Level 9.8 Fighting
 + Level 9.5 Axes
 + Level 9.8 Armour
 + Level 9.8 Shields


You had 9 spell levels left.
You didn't know any spells.
Your spell library contained the following spells:

 Spells                   Type           Power      Damage    Failure   Level
 Lesser Beckoning         Tloc           0%         N/A       100%        2
 Call Canine Familiar     Summ           0%         N/A       100%        3
 Maxwell's Portable Pile  Tloc           0%         2d(5-13)  100%        3
 Sigil of Binding         Hex            0%         N/A       100%        3
 Teleport Other           Tloc           0%         N/A       100%        3
 Dimensional Bullseye     Hex/Tloc       0%         N/A       100%        4
 Summon Forest            Summ/Tloc      0%         N/A       100%        5
 Summon Mana Viper        Hex/Summ       0%         N/A       100%        5
 Summon Cactus Giant      Summ           0%         N/A       100%        6


Dungeon Overview and Level Annotations

Branches:
Dungeon (9/15)             Temple (0/1) D:6            Lair (0/5) D:9
    Orc: D:9-12

Altars:
Dithmenos
Kikubaaqudgha
Makhleb
Sif Muna
Uskayaw
Wu Jian
Xom
Zin
The Shining One

Shops:
D:4 :   D:6 *   D:7 *


Innate Abilities, Weirdness & Mutations

You have a pair of horns on your head.
You reflexively headbutt those who attack you in melee.


Message History

You slash the yak! You headbutt the yak!
The yak is severely wounded.
You slash the yak! You barely miss the two-headed ogre.
The yak gores you but does no damage. x2
You completely miss the yak. You headbutt the yak!
The yak is almost dead.
You barely miss the yak. You slash the two-headed ogre! The yak gores you!
The yak closely misses you.
The two-headed ogre hits you with a +0 giant club!
The two-headed ogre closely misses you.
You are too injured to fight recklessly!
The yak attacks as it pursues you! The yak barely misses you.
You are too injured to fight recklessly!
You slash the yak!
The yak is severely wounded.
The yak gores you but does no damage.
You slice the yak!!
You kill the yak!
Makhleb accepts your kill.
You closely miss the yak.
The yak is almost dead.
You slash the yak!
The yak gores you but does no damage. x2
You slice the yak!!
You kill the yak!
Makhleb accepts your kill.
You feel better.
You hit the yak. The yak gores you!
The two-headed ogre hits you but does no damage. x2
You slash the two-headed ogre!
You headbutt the two-headed ogre, but do no damage.
The two-headed ogre is moderately wounded.
You hit the yak. The yak barely misses you.
You barely miss the two-headed ogre. You headbutt the two-headed ogre!
The two-headed ogre is heavily wounded.
You hit the yak but do no damage. The yak gores you.
The two-headed ogre hits you with a +0 giant club!
* * * LOW HITPOINT WARNING * * *
The two-headed ogre hits you with a +0 giant spiked club!!
* * * LOW HITPOINT WARNING * * *
The yak gores you!
You die...

.. .##
##.......... #.
... .....###..####
#>.#.# ..# #..#
#..#.# .## #..#
#..#.##?##..###..#
................#
#†Y...#######.##
##O##########.#
#?#Y@#..).......#
#......#########
###.#.## #####


You could see a two-headed ogre and 2 yaks.

Vanquished Creatures
  Erolcha (D:9)
  A two-headed ogre (D:9)
  A komodo dragon (D:9)
  Grinder (D:5)
  A wyvern (D:8)
  5 yaks (D:9)
  A steam dragon (D:8)
  An orc warrior (D:7)
  A black bear (D:6)
  An ogre (D:7)
  A sky beast (D:8)
  A centaur (D:8)
  A phantom (D:4)
  3 bullfrogs (D:9)
  6 scorpions
  10 wights
  A howler monkey (D:2)
  A bombardier beetle (D:3)
  5 hounds
  A jelly (D:6)
  An orc priest (D:3)
  4 sleepcaps
  3 iguanas
  4 orc wizards
  3 adders
  2 white imps
  2 ufetubi (D:7)
  4 dart slugs
  3 ribbon worms
  16 orcs
  4 ball pythons
  6 endoplasms
  6 giant cockroaches
  7 goblins
  4 hobgoblins
  4 jackals (D:1)
  5 kobolds
  5 quokkas
  11 bats
  5 frilled lizards
  A rat (D:3)
144 creatures vanquished.

Notes
Turn   | Place    | Note
-------+----------+-------------------------------------------
     0 | D:1      | DrKenneth the Minotaur Fighter began the quest for the Orb.
     0 | D:1      | Reached XP level 1. HP: 19/19 MP: 0/0
   183 | D:1      | Reached XP level 2. HP: 24/27 MP: 1/1
   330 | D:1      | Found a faded altar of an unknown god.
   981 | D:2      | Reached XP level 3. HP: 24/33 MP: 2/2
   982 | D:2      | Identified the +2 short sword of Propriety {heavy, Str+5}
  1116 | D:2      | Reached XP level 4. HP: 33/41 MP: 3/3
  1281 | D:2      | Found a shimmering altar of Xom.
  1494 | D:3      | Reached XP level 5. HP: 33/47 MP: 4/4
  1733 | D:3      | Reached skill level 5 in Shields
  1788 | D:3      | Reached skill level 5 in Armour
  2010 | D:4      | Reached skill level 5 in Fighting
  2124 | D:4      | Reached XP level 6. HP: 52/56 MP: 5/5
  2499 | D:4      | Found Ydimiti's Book Shoppe.
  2632 | D:5      | Entered Level 5 of the Dungeon
  2635 | D:5      | Found an ornate altar of the Wu Jian Council.
  2659 | D:5      | Identified the +2 ring mail "Naes" {Dex+3 SInv}
  2677 | D:5      | Found a shadowy altar of Dithmenos.
  2681 | D:5      | Found a hide-covered altar of Uskayaw.
  2682 | D:5      | Found a glowing golden altar of the Shining One.
  2682 | D:5      | Found a shimmering blue altar of Sif Muna.
  2684 | D:5      | Found an ancient bone altar of Kikubaaqudgha.
  2685 | D:5      | Found a burning altar of Makhleb.
  2687 | D:5      | Found a glowing silver altar of Zin.
  2694 | D:5      | Became a worshipper of Makhleb the Destroyer
  2952 | D:5      | Noticed Grinder
  2999 | D:5      | Killed Grinder
  3000 | D:5      | Reached skill level 5 in Axes
  3000 | D:5      | Reached XP level 7. HP: 17/62 MP: 6/6
  3234 | D:5      | Identified the +6 dagger of Wicked Watchfulness {flame,
                  | rPois Int+3}
  3951 | D:6      | Reached XP level 8. HP: 43/71 MP: 7/7
  4068 | D:6      | Found a staircase to the Ecumenical Temple.
  4312 | D:6      | Found Acun's Assorted Antiques.
  4327 | D:6      | Bought a pair of brightly glowing gloves for 228 gold
                  | pieces
  4327 | D:6      | Identified the +0 pair of gloves "Cautwacw" {Fly rPois rC+}
                  | (You bought it in a shop on level 6 of the Dungeon)
  5019 | D:7      | Found Jukodgh's Assorted Antiques.
  5027 | D:7      | Reached * piety under Makhleb
  5419 | D:8      | Reached XP level 9. HP: 81/81 MP: 8/8
  5490 | D:6      | Bought a scroll labelled XAZIEK SEIBRI for 24 gold pieces
  5490 | D:6      | Acquired 547 gold pieces
  5498 | D:6      | Bought a jewelled plate armour for 672 gold pieces
  5498 | D:6      | Identified the +0 plate armour of Ralugrant {rElec rF+}
                  | (You bought it in a shop on level 6 of the Dungeon)
  6153 | D:9      | Noticed a two-headed ogre
  6159 | D:9      | Killed a two-headed ogre
  6347 | D:9      | Noticed a komodo dragon
  6354 | D:9      | Killed a komodo dragon
  6395 | D:9      | Found a staircase to the Lair.
  6521 | D:9      | Noticed Erolcha
  6532 | D:9      | Killed Erolcha
  6533 | D:9      | Reached XP level 10. HP: 57/91 MP: 9/9
  6566 | D:9      | Noticed a two-headed ogre
  6582 | D:9      | HP: 2/93 [two-headed ogre/+0 giant club (19)]
  6582 | D:9      | Mangled by a yak

Illustrated notes

Levels and vault maps discovered:
D:1:      dpeg_arrival_long_road, layout_basic,
          shapermc_ecumenical_altar_mp_urbaneastern, minmay_tetromino_i2
D:2:      layout_rooms, basic_altar
D:3:      layout_rooms, kennysheep_cross_bottleneck
D:4:      layout_rooms, serial_shops, nicolae_shop_real_fake_doors
D:5:      layout_basic, minitemple, minmay_fountain_box,
          chequers_serial_rivers_small_b, uniq_grinder
D:6:      layout_rooms, minmay_temple_entry_large_hall, serial_shops, shop
D:7:      layout_basic, serial_shops, nicolae_shop_stone, st_stairs_13
D:8:      layout_gridville
D:9:      layout_loops_ring, grunt_lair_entry_orc_guard_hut,
          ebering_dispersal_statue_hall, uniq_erolcha

Skill      XL: |  1  2  3  4  5  6  7  8  9 |
---------------+----------------------------+-----
Armour         | 4 5 6 7 9 |  9.8
Shields        | 4 5 6 7 9 |  9.8
Fighting       | 4 5 6 7 9 |  9.8
Axes           | 3 4 5 6 7 9 |  9.5

Action                     |  1- 3 |  4- 6 |  7- 9 | 10-12 || total
---------------------------+-------+-------+-------+-------++-------
  Melee: War axe           |    58 |   141 |   132 |       ||   331
         Headbutt          |     8 |    19 |    38 |     4 ||    69
         Battleaxe         |       |       |    35 |    12 ||    47
    Use: Scroll            |     1 |     7 |    11 |       ||    19
 Armour: Scale mail        |    70 |    82 |       |       ||   152
         Ring mail         |       |    18 |    87 |       ||   105
         Plate armour      |       |       |    75 |    23 ||    98
  Dodge: Dodged            |    30 |    73 |    71 |     5 ||   179
  Block: Buckler           |    17 |    36 |    41 |       ||    94

Table legend: (Time is in decaauts)
 A = Elapsed time spent in this place.
 B = Non-inter-level travel time spent in this place.
 C = Inter-level travel time spent in this place.
 D = Time resting spent in this place.
 E = Time spent auto-exploring this place.
 F = Levels seen in this place.
 G = Mean time per level.
                   A        B        C        D        E       F      G
               +--------+--------+--------+--------+--------+-----+--------+
         Total |   6686 |   5854 |    832 |    791 |   4005 |   9 |  742.9 |
       Dungeon |   6686 |   5854 |    832 |    791 |   4005 |   9 |  742.9 |
               +--------+--------+--------+--------+--------+-----+--------+

Top non-repeatable levels by time:
     D:5: 1302 daAuts
     D:1: 988 daAuts
     D:7: 931 daAuts
     D:6: 695 daAuts
     D:4: 638 daAuts
     D:8: 617 daAuts
     D:3: 587 daAuts
     D:2: 479 daAuts
     D:9: 444 daAuts
